 Dungeon Crawl Stone Soup version 0.28.0-43-g3370ac3207 (webtiles) character file.

Game seed: 17814191049721123787

2631 mortz the Carver (level 9, -5/79 HPs)
             Began as a Hill Orc Fighter on Mar 6, 2022.
             Was a Follower of Makhleb.
             Slain by Erica
             ... wielding a +4 scimitar of flaming
              (8 damage)
             ... on level 8 of the Dungeon on Mar 7, 2022.
             The game lasted 00:41:03 (9269 turns).

mortz the Carver (Hill Orc Fighter)                 Turns: 9269, Time: 00:41:04

Health: -5/79      AC: 22    Str: 21    XL:     9   Next: 61%
Magic:  9/9        EV:  6    Int:  8    God:    Makhleb [*.....]
Gold:   364        SH:  5    Dex: 12    Spells: 8/8 levels left

rFire   . . .      SeeInvis .   a - +0 long sword (vorpal) {long}
rCold   . . .      Faith    .   c - +0 buckler
rNeg    . . .      Spirit   .   F - +0 plate armour
rPois   .          Reflect  .   b - +0 helmet
rElec   .          Harm     .   w - scarf {repulsion}
rCorr   .          Rampage  .   e - +0 pair of gloves
Will    .....                   C - +0 pair of boots
Stlth   ..........              (no amulet)
HPRegen 0.23/turn               D - +4 ring of protection
MPRegen 0.11/turn               L - ring of flight

@: flying, hasted, repel missiles, very quick
A: no striking features
a: Renounce Religion


You were on level 8 of the Dungeon.
You worshipped Makhleb.
Makhleb was aware of your devotion.
You visited 2 branches of the dungeon, and saw 9 of its levels.

You collected 364 gold pieces.


   Skills:
 + Level 7.5 Fighting
 + Level 8.8 Long Blades
 + Level 0.7 Throwing
 + Level 8.7 Armour
 + Level 1.5 Dodging
 + Level 0.8 Stealth
 + Level 4.7 Shields


You had 8 spell levels left.
You didn't know any spells.
Your spell library contained the following spells:

 Spells                   Type           Power      Damage    Failure   Level
 Corpse Rot               Necr/Air       0%         N/A       100%        2
 Poisonous Vapours        Pois/Air       0%         N/A       100%        2
 Sublimation of Blood     Necr           0%         N/A       100%        2
 Petrify                  Tmut/Erth      0%         N/A       100%        4
 Irradiate                Conj/Tmut      0%         3d13      100%        5

Inventory:

Hand Weapons
 a - a +0 vorpal long sword (weapon) {long}
 j - a +1 falchion of holy wrath {long}
   (You found it on level 6 of the Dungeon)
 o - a +2 whip of flaming {mace}
   (You took it off a kobold on level 2 of the Dungeon)
 p - a +2 mace of protection {mace}
   (You took it off a wight on level 6 of the Dungeon)
 y - a +0 battleaxe {axe}
   (You found it on level 4 of the Dungeon)
 G - a +2 dagger {short}
   (You took it off a wight on level 6 of the Dungeon)
 H - a +1 flail of venom {mace}
   (You took it off an orc on level 5 of the Dungeon)
Missiles
 g - 220 stones (quivered) {throwing}
 B - a throwing net {=f!fthrowing}
 E - 5 boomerangs of dispersal {=f!fthrowing}
Armour
 b - a +0 helmet (worn)
   (You took it off Robin on level 2 of the Dungeon)
 c - a +0 buckler (worn)
 e - a +0 pair of gloves (worn)
   (You found it on level 1 of the Dungeon)
 w - a scarf of repulsion (worn)
   (You found it on level 4 of the Dungeon)
 C - a +0 pair of boots (worn)
   (You found it on level 4 of the Dungeon)
 F - a +0 plate armour (worn)
   (You found it on level 5 of the Dungeon)
Magical Staves
 f - a staff of poison {!astaff}
   (You found it on level 1 of the Dungeon)
 h - a staff of earth {!astaff}
   (You found it on level 1 of the Dungeon)
Jewellery
 l - a ring of fire
   (You found it on level 1 of the Dungeon)
 D - a +4 ring of protection (left hand)
   (You found it on level 5 of the Dungeon)
 L - a ring of flight (right hand)
   (You found it on level 7 of the Dungeon)
Wands
 s - a wand of polymorph (6)
   (You found it on level 7 of the Dungeon)
Scrolls
 d - a scroll of fog
 i - a scroll of brand weapon
 n - a scroll of magic mapping {!r}
 q - a scroll of vulnerability {unknown}
 t - 3 scrolls of teleportation {unknown}
 v - a scroll of blinking {unknown}
 x - a scroll of silence {unknown}
 z - a scroll of fear {unknown}
 A - a scroll of torment {unknown}
 I - a scroll of amnesia {unknown}
Potions
 k - a potion of lignification {unknown}
 m - a potion of haste {@q3}
 u - 3 potions of flight
 J - a potion of brilliance {unknown}
 K - a potion of invisibility {unknown}

Dungeon Overview and Level Annotations

Branches:
Dungeon (8/15)             Temple (1/1) D:5
   Lair: D:8-11

Altars:
Ashenzari
Cheibriados
Dithmenos
Elyvilon
Fedhas
Gozag
Hepliaklqana
Kikubaaqudgha
Makhleb
Nemelex Xobeh
Okawaru
Qazlal
Ru
Sif Muna
Trog
Uskayaw
Vehumet
Wu Jian
Xom
Yredelemnul
Zin
The Shining One

Shops:
D:4 *

Annotations:
D:8 Erica

#..
...
#.#
...
#.#
..
#.#..
#(#.
#{.
#{#
#@#
#Z#
#Z.
#..#
...!
#..#.
#..#.
#..#
#


You could see a wyvern zombie and a killer bee zombie.


Message History

* * * LOW HITPOINT WARNING * * *
Erica burns you.
* * * LOW HITPOINT WARNING * * *
😱 HP[-7]
You take 7 damage, and now have 16/79 hp.
You feel better.
The killer bee zombie hits you but does no damage. x3
Erica casts a spell at you.
You resist with significant effort. 😨 HP[+11]
You regained 11 hp, and now have 27/79 hp.
You feel yourself speed up.
The killer bee zombie hits you but does no damage.
The killer bee zombie barely misses you.
Erica hits you with a +4 scimitar of flaming.
* * * LOW HITPOINT WARNING * * *
Erica burns you.
* * * LOW HITPOINT WARNING * * *
The killer bee zombie hits you.
* * * LOW HITPOINT WARNING * * *
Erica closely misses you. 😨 HP[-4]
You take 4 damage, and now have 23/79 hp.
You hit Erica but do no damage.
You block the killer bee zombie's attack.
The killer bee zombie barely misses you.
Erica hits you with a +4 scimitar of flaming.
* * * LOW HITPOINT WARNING * * *
Erica burns you.
* * * LOW HITPOINT WARNING * * *
😱 HP[-7]
You take 7 damage, and now have 16/79 hp.
You hit Erica but do no damage.
The killer bee zombie hits you but does no damage.
Erica hits you with a +4 scimitar of flaming.
* * * LOW HITPOINT WARNING * * *
Erica burns you.
* * * LOW HITPOINT WARNING * * *
You block the killer bee zombie's attack. 😱 HP[-7]
You take 7 damage, and now have 9/79 hp.
You feel better.
The killer bee zombie hits you but does no damage.
Erica gestures wildly while chanting.
Erica flickers and vanishes! 😱 HP[+7]
You regained 7 hp, and now have 16/79 hp.
You completely miss something.
The killer bee zombie hits you but does no damage. x2
Something hits you.
* * * LOW HITPOINT WARNING * * *
Something burns you.
* * * LOW HITPOINT WARNING * * *
😱 HP[-7]
You take 7 damage, and now have 9/79 hp.
You feel better.
The killer bee zombie hits you but does no damage. x2
Something hits you but does no damage. 😱 HP[+7]
You regained 7 hp, and now have 16/79 hp.
You slash something!
The killer bee zombie hits you but does no damage. x2
Something hits you.
* * * LOW HITPOINT WARNING * * *
Something burns you.
* * * LOW HITPOINT WARNING * * *
😱 HP[-2]
You take 2 damage, and now have 14/79 hp.
You barely miss something. The killer bee zombie hits you.
* * * LOW HITPOINT WARNING * * *
Something hits you but does no damage.
The killer bee zombie hits you but does no damage. 😱 HP[-2]
You take 2 damage, and now have 12/79 hp.
You hit something.
The killer bee zombie barely misses you.
Something hits you but does no damage.
You hit something.
You feel yourself speed up.
The killer bee zombie hits you but does no damage.
The killer bee zombie barely misses you.
Something hits you!
* * * LOW HITPOINT WARNING * * *
Something burns you.
* * * LOW HITPOINT WARNING * * *
😱 HP[-9]
You take 9 damage, and now have 3/79 hp.
You feel better.
The killer bee zombie hits you but does no damage. 😱 HP[+6]
You regained 6 hp, and now have 9/79 hp.
You miss something.
You block the killer bee zombie's attack.
Something hits you but does no damage.
You closely miss something.
The killer bee zombie barely misses you.
The killer bee zombie hits you.
* * * LOW HITPOINT WARNING * * *
Something hits you!
You die...

Skill      XL: |  1  2  3  4  5  6  7  8  9 |
---------------+----------------------------+-----
Fighting       | 4 5 6 7 |  7.5
Armour         | 4 5 6 7 8 |  8.7
Long Blades    | 3 4 5 6 7 8 |  8.8
Dodging        | 1 |  1.5
Shields        | 4 |  4.7
Throwing       | |  0.7
Stealth        | |  0.8

Action                   |  1- 3 |  4- 6 |  7- 9 || total
-------------------------+-------+-------+-------++-------
Melee: Long sword        |    93 |   182 |   276 ||   551
       Falchion          |       |       |    18 ||    18
Throw: Stone             |     3 |     8 |    10 ||    21
  Use: Potion            |       |     1 |     8 ||     9
       Scroll            |       |       |     8 ||     8
Armor: Scale mail        |    41 |       |       ||    41
       Chain mail        |     2 |    82 |    77 ||   161
       Plate armour      |       |       |   146 ||   146
Dodge: Dodged            |    47 |    59 |    87 ||   193
       Repelled          |       |       |     1 ||     1
Block: Buckler           |    21 |    28 |    69 ||   118

Levels and vault maps discovered:
D:1:      kennysheep_arrival_seaside, layout_basic,
          shapermc_ecumenical_altar_starsandcircs, minmay_pentomino_s4
D:2:      layout_rooms, corexii_corridor_pit, chequers_garden, uniq_robin,
          uniq_natasha
D:3:      layout_basic, uniq_sigmund
D:4:      cheibrodos_old_hovel, layout_layer_cave, minmay_shop_damaged
D:5:      layout_basic, minmay_temple_entry_offerings
D:6:      layout_basic
D:7:      layout_loops_ring, mainiacjoe_overflow_small_starburst,
          serial_bayou_crossing
D:8:      layout_loops_ring, uniq_erica
Temple:   nicolae_temple_the_god_donut

Notes
Turn   | Place    | Note
-------+----------+-------------------------------------------
     0 | D:1      | mortz the Hill Orc Fighter began the quest for the Orb.
     0 | D:1      | Reached XP level 1. HP: 19/19 MP: 1/1
     0 | D:1      | magus.rc [v1.9.6]
   392 | D:1      | Reached XP level 2. HP: 17/27 MP: 2/2
   839 | D:1      | Found a faded altar of an unknown god.
  1235 | D:2      | Reached skill level 4 in Fighting
  1447 | D:2      | Noticed Natasha
  1458 | D:2      | Killed Natasha
  1459 | D:2      | Reached skill level 4 in Armour
  1459 | D:2      | Reached XP level 3. HP: 31/33 MP: 3/3
  1501 | D:2      | Reached XP level 4. HP: 38/41 MP: 4/4
  1549 | D:2      | Noticed Robin
  1566 | D:2      | Killed Robin
  1871 | D:2      | Noticed Natasha
  1875 | D:2      | Reached skill level 3 in Long Blades
  1887 | D:2      | HP: 10/41 [Natasha (3)]
  1890 | D:2      | Killed Natasha
  2188 | D:2      | Reached XP level 5. HP: 47/47 MP: 5/5
  2781 | D:3      | Noticed Sigmund
  2825 | D:3      | Killed Sigmund
  2826 | D:3      | Reached skill level 5 in Fighting
  2826 | D:3      | Reached skill level 4 in Long Blades
  2826 | D:3      | Reached XP level 6. HP: 37/56 MP: 6/6
  3126 | D:3      | You fall into a shaft and drop 1 floor!
  3477 | D:4      | Reached skill level 5 in Long Blades
  4126 | D:4      | Noticed a necrophage
  4152 | D:4      | Killed a necrophage
  4153 | D:4      | Reached skill level 5 in Armour
  4153 | D:4      | Reached XP level 7. HP: 50/61 MP: 7/7
  4604 | D:4      | Found Iczil's Lightly-Used Armoury.
  5006 | D:5      | Entered Level 5 of the Dungeon
  5060 | D:5      | Reached skill level 1 in Dodging
  5236 | D:5      | Found a staircase to the Ecumenical Temple.
  5264 | D:5      | You pick up a book of Vapours and begin reading...
  5264 | D:5      | You add the spells Poisonous Vapours and Corpse Rot to your
                  | library.
  5280 | Temple   | Entered the Ecumenical Temple
  5347 | Temple   | Became a worshipper of Makhleb the Destroyer
  5480 | D:5      | Reached skill level 6 in Long Blades
  5507 | D:5      | Reached skill level 6 in Armour
  5507 | D:5      | Reached XP level 8. HP: 21/70 MP: 8/8
  5792 | D:5      | Reached skill level 4 in Shields
  6051 | D:5      | Reached skill level 7 in Long Blades
  6363 | D:6      | Reached skill level 6 in Fighting
  6477 | D:6      | Noticed a wyvern
  6489 | D:6      | Killed a wyvern
  6682 | D:6      | Reached skill level 7 in Armour
  6686 | D:6      | HP: 4/68 [ogre/+0 giant club (23)]
  6999 | D:6      | Noticed a two-headed ogre
  7393 | D:6      | Reached XP level 9. HP: 77/78 MP: 9/9
  7776 | D:6      | Killed a two-headed ogre
  7777 | D:6      | Reached skill level 7 in Fighting
  7777 | D:6      | Reached skill level 8 in Long Blades
  7777 | D:6      | Reached skill level 8 in Armour
  7994 | D:5      | magus.rc [v1.9.6]
  8396 | D:6      | magus.rc [v1.9.6]
  8408 | D:7      | You pick up a book of Alchemy and begin reading...
  8408 | D:7      | You add the spells Sublimation of Blood, Petrify and
                  | Irradiate to your library.
  8446 | D:7      | Reached * piety under Makhleb
  8736 | D:7      | Found an iron altar of Okawaru.
  9237 | D:8      | Noticed Erica
  9255 | D:8      | HP: 18/79 [killer bee zombie (2)]
  9261 | D:8      | HP: 11/79 [something (5)]
  9266 | D:8      | HP: 6/79 [something (7)]
  9269 | D:8      | Slain by Erica

Vanquished Creatures
  A two-headed ogre (D:6)
  Sigmund (D:3)
  2 wyverns
  A black bear (D:7)
  A necrophage (D:4)
  2 ogres (D:5)
  2 phantoms
  A bullfrog (D:6)
  5 killer bees (D:5)
  4 wights
  2 jellies
  A gnoll shaman (D:5)
  A hound (D:5)
  An orc priest (D:6)
  2 bullfrog skeletons
  Natasha (twice) (D:2)
  2 iguanas
  5 orc wizards
  A hound zombie (D:5)
  Robin (D:2)
  A howler monkey zombie (D:6)
  6 gnolls
  6 adders
  2 adder skeletons
  3 worms
  2 dart slugs
  7 orcs
  3 endoplasms
  4 giant cockroaches
  10 goblins
  10 hobgoblins
  5 kobolds
  A quokka (D:3)
  4 ball pythons
  7 bats
  6 rats
115 creatures vanquished.

Vanquished Creatures (others)
  A plant (D:4)
1 creature vanquished.

Grand Total: 116 creatures vanquished

Table legend:
 A = Non-vault XP
 B = Vault XP
 C = Vault XP percentage of total XP
 D = Non-vault monster count
 E = Vault monster count
 F = Vault count percentage of total count
                 A         B        C        D         E       F
            +---------+---------+-------+---------+---------+-------
      Total |    3456 |     303 |   8.1 |      98 |      17 |  14.8
            +---------+---------+-------+---------+---------+-------
        D:1 |      15 |       4 |  21.1 |      10 |       3 |  23.1
        D:2 |      83 |      71 |  46.1 |      17 |      12 |  41.4
        D:3 |      48 |     223 |  82.3 |      14 |       1 |   6.7
        D:4 |     274 |       5 |   1.8 |      12 |       1 |   7.7
        D:5 |    1068 |       0 |   0.0 |      28 |       0 |   0.0
        D:6 |    1593 |       0 |   0.0 |      14 |       0 |   0.0
        D:7 |     375 |       0 |   0.0 |       3 |       0 |   0.0
            +---------+---------+-------+---------+---------+-------

Illustrated notes

Table legend:
 A = Kills in this place as a percentage of kills in entire the game.
 B = Kills by you in this place as a percentage of kills by you in the entire game.
 C = Kills by friends in this place as a percentage of kills by friends in the entire game.
 D = Other kills in this place as a percentage of other kills in the entire game.
 E = Experience gained in this place as a percentage of experience gained in the entire game.
 F = Experience gained in this place divided by the number of levels of this place that you have seen.
                   A       B       C       D       E      F
               +-------+-------+-------+-------+-------+----------------------
         Total | 100.0 | 100.0 |   N/A |   N/A | 100.0 | 417.7
       Dungeon | 100.0 | 100.0 |   N/A |   N/A | 100.0 | 469.9
               +-------+-------+-------+-------+-------+----------------------

Table legend: (Time is in decaauts)
 A = Elapsed time spent in this place.
 B = Non-inter-level travel time spent in this place.
 C = Inter-level travel time spent in this place.
 D = Time resting spent in this place.
 E = Time spent auto-exploring this place.
 F = Levels seen in this place.
 G = Mean time per level.
                   A        B        C        D        E       F      G
               +--------+--------+--------+--------+--------+-----+--------+
         Total |   9399 |   9098 |    301 |   1390 |   6037 |   9 | 1044.3 |
       Dungeon |   9322 |   9029 |    293 |   1390 |   5995 |   8 | 1165.2 |
        Temple |     76 |     68 |      8 |      0 |     42 |   1 |   76.0 |
               +--------+--------+--------+--------+--------+-----+--------+

Top non-repeatable levels by time:
     D:5: 2410 daAuts
     D:4: 1700 daAuts
     D:1: 1397 daAuts
     D:2: 1159 daAuts
     D:6: 927 daAuts
     D:3: 848 daAuts
     D:7: 842 daAuts
  Temple: 76 daAuts
     D:8: 36 daAuts
